[ AOE2 MATCH · #506171921 ]
UnrankedVietnamese vs Teutons
Player's team · LOSS
[ REPLAY ANALYSIS · EXTRACTED FROM THE RECORDED GAME ]
Feudal
36:33
Castle
—
Imperial
—
| APM avg | 25.9 |
| APM peak | 52 |
| eAPM avg | 16.2 |
| Villagers / military | 81 / 0 |
Focus
⚔️ 31.7% · 🌾 68.3%
Feudal
11:47
Castle
20:32
Imperial
—
| APM avg | 44.8 |
| APM peak | 107 |
| eAPM avg | 23.0 |
| Villagers / military | 105 / 25 |
Focus
⚔️ 24.8% · 🌾 75.2%
Teutonic Knight ×21 · Battering Ram ×3 · Mangonel ×1
Match map
Initial resources + every placement click. Lines = walls · curves = elevation contours. ◆ gold · ⬟ stone · ● berries · ✦ relic · ◌ wall gap
Your base· Open — opponent sealed themselves in
[Heals] Teutonic Fortress's base· ✓ Closed at 20:32 · 22t walls · no gate
Smoothed initial terrain · ◌ = detected wall gap · hover for details
Inputs per minute
— Jas - - [Heals] Teutonic Fortress
Build order — Jas
First 150 of 156 actions detected
| 0:01 | Queue | Villager (Male) |
| 0:01 | Queue | Villager (Male) |
| 0:01 | Queue | Villager (Male) |
| 0:02 | Queue | Villager (Male) |
| 0:03 | Build | House |
| 1:31 | Queue | Villager (Male) |
| 1:47 | Queue | Villager (Male) |
| 1:55 | Build | House |
| 2:10 | Build | Lumber Camp |
| 3:20 | Build | Palisade Wall |
| 3:28 | Build | Palisade Wall |
| 3:29 | Build | Palisade Wall |
| 3:31 | Build | Palisade Wall |
| 3:32 | Build | Palisade Wall |
| 3:36 | Queue | Villager (Male) |
| 3:37 | Queue | Villager (Male) |
| 3:42 | Queue | Villager (Male) |
| 3:42 | Queue | Villager (Male) |
| 3:54 | Queue | Villager (Male) |
| 4:05 | Queue | Villager (Male) |
| 4:24 | Queue | Villager (Male) |
| 4:53 | Queue | Villager (Male) |
| 5:17 | Queue | Villager (Male) |
| 5:26 | Build | House |
| 5:41 | Queue | Villager (Male) |
| 5:41 | Queue | Villager (Male) |
| 5:48 | Build | House |
| 6:10 | Queue | Villager (Male) |
| 6:10 | Queue | Villager (Male) |
| 6:49 | Queue | Villager (Male) |
| 7:10 | Queue | Villager (Male) |
| 7:11 | Queue | Villager (Male) |
| 7:16 | Build | House |
| 7:24 | Research | Loom |
| 8:22 | Queue | Villager (Male) |
| 8:23 | Queue | Villager (Male) |
| 9:07 | Queue | Villager (Male) ×2 |
| 9:42 | Build | Town Center |
| 10:02 | Build | Mill |
| 10:40 | Queue | Villager (Male) |
| 10:41 | Queue | Villager (Male) |
| 10:41 | Queue | Villager (Male) |
| 11:56 | Queue | Villager (Male) |
| 12:53 | Queue | Villager (Male) |
| 13:18 | Queue | Villager (Male) |
| 13:18 | Queue | Villager (Male) |
| 13:34 | Build | House |
| 13:47 | Build | Farm |
| 13:48 | Queue | Villager (Male) |
| 14:08 | Build | Farm |
| 14:40 | Build | Town Center |
| 15:07 | Build | Lumber Camp |
| 15:41 | Queue | Villager (Male) |
| 15:42 | Queue | Villager (Male) |
| 17:37 | Queue | Villager (Male) |
| 17:37 | Queue | Villager (Male) |
| 18:14 | Queue | Villager (Male) |
| 18:38 | Build | House |
| 19:03 | Queue | Villager (Male) |
| 19:36 | Queue | Villager (Male) |
| 19:37 | Queue | Villager (Male) |
| 19:54 | Build | Mining Camp |
| 20:46 | Build | Mining Camp |
| 20:59 | Queue | Villager (Male) |
| 20:59 | Queue | Villager (Male) |
| 22:06 | Build | Mill |
| 22:09 | Build | Farm |
| 22:10 | Build | Farm |
| 22:11 | Build | Farm |
| 22:12 | Build | Farm |
| 22:49 | Build | Farm |
| 22:53 | Build | Farm |
| 23:05 | Queue | Villager (Male) |
| 23:06 | Queue | Villager (Male) |
| 23:30 | Build | House |
| 23:57 | Queue | Villager (Male) |
| 23:57 | Queue | Villager (Male) |
| 24:27 | Build | House |
| 25:05 | Queue | Villager (Male) |
| 25:06 | Queue | Villager (Male) |
| 25:06 | Queue | Villager (Male) |
| 25:28 | Build | Farm |
| 25:30 | Build | Farm |
| 25:31 | Build | Farm |
| 26:19 | Build | Town Center |
| 26:48 | Build | Farm |
| 27:29 | Queue | Villager (Male) |
| 27:29 | Queue | Villager (Male) |
| 27:30 | Queue | Villager (Male) |
| 27:37 | Build | Farm |
| 27:38 | Build | Farm |
| 27:39 | Build | Farm |
| 27:41 | Build | Farm |
| 27:43 | Queue | Villager (Male) |
| 28:16 | Build | Palisade Wall |
| 28:25 | Queue | Villager (Male) |
| 28:31 | Build | House |
| 28:43 | Build | Palisade Wall |
| 28:51 | Queue | Villager (Male) |
| 29:05 | Queue | Villager (Male) |
| 29:31 | Build | Palisade Wall |
| 29:43 | Build | Town Center |
| 30:23 | Build | Town Center |
| 31:03 | Build | House |
| 31:06 | Queue | Villager (Male) |
| 31:07 | Queue | Villager (Male) |
| 31:07 | Queue | Villager (Male) |
| 31:07 | Queue | Villager (Male) |
| 31:30 | Queue | Villager (Male) |
| 31:30 | Queue | Villager (Male) |
| 31:31 | Queue | Villager (Male) |
| 31:34 | Queue | Villager (Male) |
| 31:34 | Queue | Villager (Male) |
| 31:43 | Queue | Villager (Male) |
| 32:34 | Queue | Villager (Male) |
| 32:34 | Queue | Villager (Male) |
| 32:46 | Queue | Villager (Male) |
| 33:10 | Build | Palisade Wall |
| 33:40 | Build | Mill |
| 34:12 | Build | Farm |
| 34:13 | Build | Farm |
| 34:13 | Build | Farm |
| 34:13 | Build | Farm |
| 34:13 | Build | Farm |
| 34:13 | Build | Farm |
| 34:14 | Build | Farm |
| 34:14 | Build | Farm |
| 34:14 | Build | Farm |
| 34:23 | Research | Feudal Age |
| 34:33 | Build | House |
| 34:34 | Build | House |
| 34:35 | Build | House |
| 34:37 | Build | House |
| 34:38 | Build | House |
| 34:39 | Build | House |
| 34:42 | Build | House |
| 34:44 | Build | House |
| 34:46 | Build | House |
| 34:47 | Build | House |
| 35:08 | Build | Farm |
| 35:09 | Build | Farm |
| 35:10 | Build | Farm |
| 35:11 | Queue | Villager (Male) |
| 35:12 | Queue | Villager (Male) |
| 35:22 | Build | Palisade Wall |
| 35:58 | Build | Mining Camp |
| 36:33 | Age | Feudal Age |
| 37:16 | Build | House |
| 37:22 | Queue | Villager (Male) |
| 37:22 | Queue | Villager (Male) |
Build order — [Heals] Teutonic Fortress
First 150 of 189 actions detected
| 0:03 | Queue | Villager (Male) |
| 0:03 | Queue | Villager (Male) |
| 0:03 | Queue | Villager (Male) |
| 0:03 | Queue | Villager (Male) |
| 0:03 | Queue | Villager (Male) |
| 0:03 | Queue | Villager (Male) |
| 0:04 | Queue | Villager (Male) |
| 0:06 | Build | House |
| 0:06 | Build | House |
| 1:34 | Queue | Villager (Male) |
| 1:34 | Queue | Villager (Male) |
| 1:34 | Queue | Villager (Male) |
| 1:34 | Queue | Villager (Male) |
| 2:17 | Queue | Villager (Male) |
| 2:17 | Queue | Villager (Male) |
| 2:17 | Queue | Villager (Male) |
| 2:17 | Queue | Villager (Male) |
| 2:17 | Queue | Villager (Male) ×2 |
| 2:17 | Queue | Villager (Male) ×2 |
| 2:21 | Build | Mill |
| 2:52 | Build | House |
| 2:52 | Build | House |
| 2:56 | Queue | Villager (Male) |
| 2:56 | Queue | Villager (Male) |
| 2:56 | Queue | Villager (Male) |
| 2:56 | Queue | Villager (Male) |
| 2:56 | Queue | Villager (Male) |
| 3:22 | Queue | Villager (Male) |
| 3:22 | Queue | Villager (Male) |
| 3:22 | Queue | Villager (Male) |
| 3:42 | Queue | Villager (Male) |
| 3:42 | Queue | Villager (Male) |
| 3:42 | Queue | Villager (Male) |
| 3:42 | Queue | Villager (Male) |
| 3:42 | Queue | Villager (Male) |
| 3:58 | Queue | Villager (Male) |
| 3:58 | Queue | Villager (Male) |
| 3:58 | Queue | Villager (Male) |
| 3:59 | Queue | Villager (Male) |
| 3:59 | Queue | Villager (Male) |
| 4:24 | Queue | Villager (Male) |
| 4:24 | Queue | Villager (Male) |
| 4:24 | Queue | Villager (Male) |
| 4:24 | Queue | Villager (Male) |
| 4:24 | Queue | Villager (Male) |
| 4:24 | Queue | Villager (Male) |
| 4:41 | Queue | Villager (Male) |
| 4:41 | Queue | Villager (Male) |
| 4:42 | Queue | Villager (Male) |
| 4:42 | Queue | Villager (Male) |
| 5:08 | Queue | Villager (Male) |
| 5:08 | Queue | Villager (Male) |
| 5:08 | Queue | Villager (Male) |
| 5:08 | Queue | Villager (Male) |
| 5:08 | Queue | Villager (Male) |
| 5:46 | Queue | Villager (Male) |
| 5:46 | Queue | Villager (Male) |
| 5:46 | Queue | Villager (Male) |
| 5:46 | Queue | Villager (Male) |
| 5:46 | Queue | Villager (Male) |
| 5:46 | Queue | Villager (Male) |
| 6:01 | Queue | Villager (Male) |
| 6:01 | Queue | Villager (Male) |
| 6:01 | Queue | Villager (Male) |
| 6:01 | Queue | Villager (Male) |
| 6:01 | Queue | Villager (Male) |
| 6:01 | Queue | Villager (Male) |
| 6:17 | Queue | Villager (Male) |
| 6:17 | Queue | Villager (Male) |
| 6:17 | Queue | Villager (Male) |
| 6:17 | Queue | Villager (Male) |
| 6:17 | Queue | Villager (Male) |
| 7:02 | Queue | Villager (Male) |
| 7:02 | Queue | Villager (Male) |
| 7:48 | Queue | Villager (Male) |
| 8:45 | Build | Lumber Camp |
| 8:51 | Queue | Villager (Male) |
| 9:00 | Research | Loom |
| 9:37 | Research | Feudal Age |
| 9:37 | Research | Feudal Age |
| 10:32 | Build | House |
| 10:34 | Build | House |
| 10:37 | Build | House |
| 10:43 | Queue | Villager (Male) |
| 11:09 | Queue | Villager (Male) |
| 11:23 | Build | Mining Camp |
| 11:25 | Queue | Villager (Male) |
| 11:38 | Queue | Villager (Male) |
| 11:44 | Queue | Villager (Male) |
| 11:47 | Age | Feudal Age |
| 11:50 | Research | Double-Bit Axe |
| 12:06 | Build | Stone Wall |
| 12:07 | Build | Stone Wall |
| 12:09 | Build | Stone Wall |
| 12:18 | Queue | Villager (Male) |
| 12:42 | Build | House |
| 12:44 | Build | Palisade Wall |
| 13:34 | Build | Town Center |
| 14:07 | Build | Stone Wall |
| 14:08 | Build | Stone Wall |
| 14:15 | Build | Stone Wall |
| 14:49 | Queue | Villager (Male) |
| 14:50 | Queue | Villager (Male) |
| 15:02 | Build | Stone Wall |
| 15:07 | Queue | Villager (Male) |
| 15:12 | Queue | Villager (Male) |
| 15:28 | Build | Mill |
| 15:30 | Build | Farm |
| 15:30 | Build | Farm |
| 15:31 | Build | Farm |
| 15:31 | Build | Farm |
| 15:31 | Build | Farm |
| 15:33 | Build | Farm |
| 15:33 | Build | Farm |
| 15:36 | Queue | Villager (Male) |
| 15:36 | Queue | Villager (Male) |
| 16:21 | Build | Market |
| 16:26 | Build | Blacksmith |
| 16:30 | Queue | Villager (Male) |
| 16:36 | Build | Farm |
| 17:38 | Queue | Villager (Male) |
| 17:51 | Research | Castle Age |
| 17:51 | Research | Castle Age |
| 18:44 | Queue | Villager (Male) |
| 19:44 | Queue | Villager (Male) |
| 20:32 | Age | Castle Age |
| 20:35 | Build | Mining Camp |
| 21:40 | Build | Farm |
| 22:00 | Build | Farm |
| 22:04 | Build | Farm |
| 22:04 | Queue | Villager (Male) |
| 24:23 | Build | Town Center |
| 25:02 | Build | Town Center |
| 25:53 | Queue | Villager (Male) |
| 25:53 | Queue | Villager (Male) |
| 25:53 | Queue | Villager (Male) |
| 26:18 | Build | Stone Wall |
| 26:47 | Queue | Villager (Male) |
| 26:58 | Queue | Villager (Male) |
| 27:02 | Build | House |
| 27:03 | Build | House |
| 27:03 | Build | House |
| 27:04 | Build | House |
| 27:04 | Build | House |
| 27:04 | Build | House |
| 27:04 | Build | House |
| 27:24 | Queue | Villager (Male) |
| 27:56 | Build | Castle |
| 28:16 | Build | Castle |
| 28:31 | Build | Siege Workshop |
Match timeline
| 3:20 | Jas · wall_segment Palisade Wall x1 |
| 3:28 | Jas · wall_segment Palisade Wall x1 |
| 3:29 | Jas · wall_segment Palisade Wall x1 |
| 3:31 | Jas · wall_segment Palisade Wall x1 |
| 3:32 | Jas · wall_segment Palisade Wall x1 |
| 11:47 | [Heals] Teutonic Fortress · age_up feudal |
| 12:06 | [Heals] Teutonic Fortress · wall_segment Stone Wall x4 |
| 12:07 | [Heals] Teutonic Fortress · wall_segment Stone Wall x3 |
| 12:09 | [Heals] Teutonic Fortress · wall_segment Stone Wall x2 |
| 12:44 | [Heals] Teutonic Fortress · wall_segment Palisade Wall x1 |
| 14:07 | [Heals] Teutonic Fortress · wall_segment Stone Wall x8 |
| 14:08 | [Heals] Teutonic Fortress · wall_segment Stone Wall x2 |
| 14:15 | [Heals] Teutonic Fortress · wall_segment Stone Wall x3 |
| 15:02 | [Heals] Teutonic Fortress · wall_segment Stone Wall x1 |
| 17:49 | [Heals] Teutonic Fortress · first_market_sell 100 stone |
| 20:32 | [Heals] Teutonic Fortress · age_up castle |
| 26:18 | [Heals] Teutonic Fortress · wall_segment Stone Wall x1 |
| 27:56 | [Heals] Teutonic Fortress · first_building Castle |
| 28:16 | Jas · wall_segment Palisade Wall x11 |
| 28:31 | [Heals] Teutonic Fortress · first_building Siege Workshop |
| 28:43 | Jas · wall_segment Palisade Wall x19 |
| 29:31 | Jas · wall_segment Palisade Wall x11 |
| 30:52 | [Heals] Teutonic Fortress · first_market_buy 100 food |
| 33:10 | Jas · wall_segment Palisade Wall x15 |
| 35:22 | Jas · wall_segment Palisade Wall x11 |
| 36:33 | Jas · age_up feudal |
| 38:42 | Jas · resign |
[ AI ANALYSIS · 1 CREDIT ]
What really happened in this match?
Wolo.gg analyzes every decision: build order, eco, micro, common mistakes by bracket. Personalized analysis on WhatsApp or Discord in 30 seconds.
Civ guide
Vietnamese
Perfil
Jugador #24026933